 Dungeon Crawl Stone Soup version 0.26.1-11-gd32895ea62 (webtiles) character file.

Game seed: 16761985045130906380

615 Zeld the Chucker (level 7, -5/45 HPs)
             Began as an Octopode Brigand on May 23, 2021.
             Was a Believer of Fedhas.
             Slain by a bullfrog (8 damage)
             ... in a sewer.
             The game lasted 00:02:53 (2899 turns).

Zeld the Chucker (Octopode Brigand)                 Turns: 2899, Time: 00:02:54

Health: -5/45      AC:  1    Str: 13    XL:     7   Next: 45%
Magic:  7/7        EV: 13    Int: 13    God:    Fedhas [**....]
Gold:   109        SH:  0    Dex: 13    Spells: 6/6 levels left

rFire    . . .     SeeInvis .   e - +2 dagger (speed)
rCold    . . .     Faith    .   (no shield)
rNeg     . . .     Spirit   .   (helmet restricted)
rPois    .         Reflect  .   (no amulet)
rElec    .         Harm     .   (no ring)
rCorr    .         Rampage  .   (no ring)
Will     .....                  (no ring)
Stlth    +++++.....             (no ring)
HPRegen  0.15/turn              (no ring)
MPRegen  0.10/turn              (no ring)
                                (no ring)
                                (no ring)

@: no status effects
A: almost no armour, stealthy swim, amphibious, 8 rings, constrict 8, camouflage
1, gelatinous body 1
a: Renounce Religion, Wall of Briars


You were in a sewer.
You worshipped Fedhas.
Fedhas was pleased with you.
You visited 1 branch of the dungeon, and saw 6 of its levels.
You also visited: Sewer.

You collected 109 gold pieces.

Inventory:

Hand Weapons
 a - a +2 dagger
 e - a +2 dagger of speed (weapon)
Missiles
 b - 8 poisoned darts (quivered)
 c - 2 curare-tipped darts
Jewellery
 f - a +6 ring of intelligence {unknown}
Wands
 m - a wand of random effects (12)
Scrolls
 d - 3 scrolls of identify {unknown}
 h - 2 scrolls of magic mapping {unknown}
 l - a scroll of amnesia {unknown}
 q - a scroll of fear {unknown}
 r - 2 scrolls of fog {unknown}
 s - a scroll of teleportation {unknown}
Potions
 g - a potion of might {unknown}
 i - a potion of attraction {unknown}
 j - a potion of curing
 k - 3 potions of haste {unknown}
 n - 2 potions of heal wounds {unknown}
 o - a potion of magic {unknown}
 p - a potion of degeneration {unknown}


   Skills:
 - Level 2.0 Fighting
 * Level 5.8 Short Blades
 * Level 5.8 Throwing
 - Level 1.0 Dodging
 - Level 5.3 Stealth


You had 6 spell levels left.
You didn't know any spells.
Your spell library was empty.

Dungeon Overview and Level Annotations

Branches:
Dungeon (6/15)              Sewer (1/1)
 Temple: D:4-7

Altars:
Cheibriados
Fedhas
Gozag
Wu Jian
Xom
Zin

Annotations:
D:6 Maggie


Innate Abilities, Weirdness & Mutations

You cannot wear most types of armour.
You are very stealthy in the water. (Stealth+)
You are amphibious.
You can wear up to eight rings at the same time.
You can use your tentacles to constrict eight enemies at once.
Your skin changes colour to match your surroundings (Stealth+).
Your rubbery body absorbs attacks. (AC +1, EV +1)


Message History

The adder misses you.
You feel sick. The adder bites you.
The bullfrog releases a deep croak.
The bullfrog hits you. The adder bites you.
You hit the bullfrog. You grab the bullfrog.
The bullfrog is lightly wounded.
You constrict the bullfrog. The adder bites you. The ball python bites you.
The ball python closely misses you. The bullfrog hits you!
* * * LOW HITPOINT WARNING * * *
The bullfrog hits you!
* * * LOW HITPOINT WARNING * * *
Okay, then.
It was a potion of curing.
You feel better.
You constrict the bullfrog. The adder bites you.
* * * LOW HITPOINT WARNING * * *
The bullfrog hits you!
* * * LOW HITPOINT WARNING * * *
The bullfrog hits you!
You die...
Fedhas appreciates your contribution to the ecosystem.

#.≈.≈.###..#
##.†..##
#≈≈≈≈≈≈#####
#≈≈≈≈≈≈#
#≈≈≈≈≈≈#
#≈≈≈≈≈≈#
#≈≈≈≈≈≈#
#≈≈≈≈≈≈#
#≈≈≈≈≈≈#
#≈≈≈≈≈≈#
#≈≈≈≈≈≈#
#≈≈≈≈≈≈#
#≈≈≈≈≈≈#
#≈≈≈≈≈≈#
#≈≈#≈≈≈#
#≈.....#
#≈.F@S≈#
#≈≈.≈≈≈#
#≈.FSS≈#
#≈≈≈≈≈≈#
#≈≈#SSS#
#≈≈≈≈≈≈#
#≈#≈S≈≈#
#≈≈≈≈≈≈#
#≈≈≈≈≈≈#
#≈≈≈≈≈≈#
#≈≈≈J≈≈#
#≈≈≈≈≈≈#
#≈≈≈≈≈≈#
#≈≈≈≈≈≈#
#≈≈≈≈≈≈#
#≈≈≈≈≈≈#
#.≈≈≈..#
#.≈...##


You could see 2 bullfrogs, an ooze, 3 adders and 4 ball pythons.

Vanquished Creatures
  Sigmund (D:2)
  2 ogres (D:4)
  A hound (D:5)
  An orc priest (D:2)
  Crazy Yiuf (D:2)
  A worker ant (D:4)
  4 adders
  2 river rats (Sewer)
  2 white imps
  An ufetubus (D:5)
  3 oozes
  An adder skeleton (D:4)
  3 worms
  3 dart slugs (D:2)
  5 leopard geckos
  4 orcs
  6 bats (D:1)
  5 giant cockroaches
  4 goblins
  4 jackals (D:5)
  2 quokkas
  6 ball pythons (Sewer)
  4 frilled lizards
  3 kobolds
  28 rats
97 creatures vanquished.

Vanquished Creatures (others)
  2 fungi (D:2)
  3 plants (D:5)
5 creatures vanquished.

Grand Total: 102 creatures vanquished

Notes
Turn   | Place    | Note
-------+----------+-------------------------------------------
     0 | D:1      | Zeld the Octopode Brigand began the quest for the Orb.
     0 | D:1      | Reached XP level 1. HP: 14/14 MP: 1/1
   317 | D:1      | Reached XP level 2. HP: 18/19 MP: 2/2
   702 | D:2      | Reached XP level 3. HP: 17/24 MP: 3/3
   903 | D:2      | Noticed Sigmund
  1118 | D:2      | Reached XP level 4. HP: 29/29 MP: 4/4
  1164 | D:2      | Killed Sigmund
  1165 | D:2      | Reached XP level 5. HP: 23/34 MP: 5/5
  1165 | D:2      | Reached XP level 6. HP: 26/39 MP: 6/6
  1276 | D:2      | Found a snail-covered altar of Cheibriados.
  1561 | D:2      | Found an opulent altar of Gozag.
  1733 | D:2      | Found a glowing silver altar of Zin.
  1734 | D:2      | Noticed an angel
  1774 | D:2      | Found a runed translucent door.
  1775 | D:2      | Noticed Crazy Yiuf
  1782 | D:2      | Killed Crazy Yiuf
  1821 | D:3      | You fall into a shaft and drop 3 floors!
  1822 | D:6      | Noticed an ice beast
  1824 | D:6      | Noticed Maggie
  1832 | D:5      | Entered Level 5 of the Dungeon
  1846 | D:5      | Found an ornate altar of the Wu Jian Council.
  1849 | D:5      | Found a blossoming altar of Fedhas.
  1854 | D:5      | Found a shimmering altar of Xom.
  1859 | D:5      | Became a worshipper of Fedhas Madash
  2225 | D:4      | Reached skill level 5 in Short Blades
  2225 | D:4      | Reached skill level 5 in Throwing
  2249 | D:4      | Reached XP level 7. HP: 30/45 MP: 7/7
  2431 | D:3      | Found a glowing drain.
  2449 | Sewer    | Entered a sewer
  2504 | Sewer    | Reached * piety under Fedhas
  2693 | Sewer    | Reached ** piety under Fedhas
  2899 | Sewer    | Slain by a bullfrog

Illustrated notes

Levels and vault maps discovered:
D:1:      erik_arrival_cave_to_civilisation [erik_arrival_cave_to_temple],
          layout_basic
D:2:      layout_rooms, zin_angel, kennysheep_slug_shrine,
          lemuel_coloured_pillars_altar, uniq_sigmund, uniq_crazy_yiuf_cottage
D:3:      layout_basic, nicolae_overflow_hidden_temple, portal_sewer_entry_f,
          nemelex_altar_shiori
D:4:      layout_gridville, minmay_misc_feat_rugged, uniq_ijyb, uniq_robin,
          uniq_grinder
D:5:      layout_gridville, grunt_temple_overflow_diamond,
          minmay_temple_entry_gardened_gates, uniq_eustachio, uniq_blork_the_orc
D:6:      layout_rooms, marbit_many_paths, basic_altar, serial_shops,
          nicolae_shop_statue_plus, minmay_alternating_orb, uniq_edmund,
          uniq_pikel, uniq_maggie
Sewer:    sewer_minmay_w

Skill      XL: |  1  2  3  4  5  6 |
---------------+-------------------+-----
Short Blades   | 3 4 5 |  5.8
Throwing       | 3 4 5 |  5.8
Fighting       | |  2.0
Dodging        | |  1.0
Stealth        | |  5.3

Action                   |  1- 3 |  4- 6 |  7- 9 || total
-------------------------+-------+-------+-------++-------
Melee: Dagger            |    48 |    70 |    99 ||   217
       Constrict         |     8 |    11 |    21 ||    40
       Tentacles         |     6 |    10 |    17 ||    33
  Use: Potion            |       |       |     1 ||     1
 Stab: Sleeping          |    13 |     9 |     5 ||    27
       Distracted        |     1 |       |     1 ||     2
Armor: Skin              |     3 |       |     4 ||     7
Dodge: Dodged            |    14 |    24 |    54 ||    92
